 Dungeon Crawl Stone Soup version 0.22-b1-21-g5cfc168 (webtiles) character file.

35 Gorglomux the Skirmisher (level 3, 0/20 HPs)
             Began as a Vine Stalker Monk on Aug 4, 2018.
             Succumbed to an adder's poison
             ... on level 2 of the Dungeon.
             The game lasted 00:01:20 (1446 turns).

Gorglomux the Skirmisher (Vine Stalker Monk)        Turns: 1446, Time: 00:01:21

Health: 0/20       AC:  3    Str: 14    XL:     3   Next: 33%
Magic:  1/4        EV: 12    Int: 10    God:
Gold:   105        SH:  6    Dex: 16    Spells: 2/2 levels left

rFire    . . .     SeeInvis .   a - +0 short sword
rCold    . . .     Gourm    .   i - +2 buckler
rNeg     . . .     Faith    .   b - +0 robe
rPois    .         Spirit   +   (no helmet)
rElec    .         Reflect  .   (no cloak)
rCorr    .         Harm     .   d - +0 pair of gloves
MR       .....                  (no boots)
Stlth    ++........             (no amulet)
HPRegen  0.06/turn              (no ring)
MPRegen  0.09/turn              (no ring)

@: lethally poisoned (0 -> -4)
A: fangs 2, magic shield, antimagic bite, no potion heal 3, rot immunity
a: no special abilities


You were on level 2 of the Dungeon.
You were not hungry.

You visited 1 branch of the dungeon, and saw 2 of its levels.

You collected 105 gold pieces.

Inventory:

Hand Weapons
 a - a +0 short sword (weapon)
Armour
 b - a +0 robe (worn)
 d - a +0 pair of gloves (worn)
 i - a +2 buckler (worn)
Scrolls
 h - 3 scrolls of identify {unknown}
 n - a scroll of fog {unknown}
 r - a scroll of noise {unknown}
 s - 2 scrolls of magic mapping {unknown}
 t - a scroll of teleportation {unknown}
Potions
 g - a potion of invisibility {unknown}
 j - a potion of degeneration {unknown}
 k - a potion of mutation {unknown}
 m - a potion of curing {unknown}
 o - a potion of lignification {unknown}
 p - 2 potions of flight {unknown}
 u - a potion of might {unknown}
Comestibles
 c - 2 rations
 q - 4 chunks of flesh


   Skills:
 + Level 3.0 Fighting
 + Level 3.0 Short Blades
 + Level 0.9 Armour
 - Level 2.4 Dodging
 - Level 2.4 Stealth
 + Level 1.0 Shields


You had 2 spell levels left.
You didn't know any spells.
Your spell library was empty.

Dungeon Overview and Level Annotations

Branches:
Dungeon (2/15)

Altars:


Innate Abilities, Weirdness & Mutations

You have extremely sharp teeth.
When hurt, damage is shared between your health and your magic reserves.
Your bite disrupts and absorbs the magic of your enemies.
Potions cannot restore your health.
You are immune to rotting.


Message History

A gnoll comes into view! It is wielding a flail!
The butt shouts!!!
You closely miss the gnoll!
Your bite butts the gnoll!
The adder bites you!
You are poisoned!
The adder poisons you!!! The gnoll hits you with a halberd!!!
The gnoll barely misses you! The adder closely misses you!
You completely miss the gnoll! You bite the gnoll! You drain its power!
You feel invigorated!
The butt is moderately wounded! * * * don't die
* * * You feel sick!
The adder bites you but does no damage!
The gnoll hits you with a whip!!! * * * don't die
* * * You are too injured to fight recklessly!!!
Okay, butt!
You block the gnoll's attack! * * * don't die
* * * You feel sick!
The adder bites you but does no damage! rip

##..###.......#
#.......#.##### ....#
#.......# #.......#.# ###.#
#.......# ###....##.# ###.#
#.......#### ####....#
....########(รท.).#########..#
###..###########...##.......#
...............(......####..#
..)............######.# ##.##
#...............@.###.###..#
.............gS##..#.......#
##..(...[...g.s###.........#
##..........g..# ###.......#
##..........#### #..>...##
#####.####.........#......# #
#.. ....g....#.#......# .
##........# #####..# .
.........# #..#


You could see 3 gnolls and an adder.

Vanquished Creatures
  A dart slug (D:1)
  A leopard gecko (D:2)
  5 bats
  5 giant cockroaches
  4 hobgoblins
  3 frilled lizards
  4 kobolds
  7 rats
30 creatures vanquished.

Notes
Turn   | Place    | Note
-------+----------+-------------------------------------------
     0 | D:1      | Gorglomux the Vine Stalker Monk began the quest for the Orb.
     0 | D:1      | Reached XP level 1. HP: 11/11 MP: 2/2
   666 | D:1      | Reached XP level 2. HP: 11/16 MP: 3/3
  1129 | D:2      | Reached skill level 3 in Fighting
  1211 | D:2      | Reached skill level 3 in Short Blades
  1211 | D:2      | Reached XP level 3. HP: 18/20 MP: 4/4
  1318 | D:2      | Reached skill level 1 in Shields
  1443 | D:2      | HP: 1/20 [poisoned by an adder]
  1446 | D:2      | Succumbed to an adder's poison

Skill      XL: |  1  2  3 |
---------------+----------+-----
Fighting       | 3 |  3.0
Short Blades   | 3 |  3.0
Shields        | 1 |  1.0
Armour         | |  0.9
Dodging        | |  2.4
Stealth        | |  2.4

Action                   || total
-------------------------++-------
Melee: Short sword       ||    93
       Bite              ||    18
 Stab: Sleeping          ||     3
  Eat: Chunk             ||     2
Armor: Robe              ||    17
Dodge: Dodged            ||    44
Block: Buckler           ||    22
